 Dungeon Crawl Stone Soup version 0.26.0-20-g3ca415f5b8 (webtiles) character file.

Game seed: 2161238750571910478

21 Acheron the Ducker (level 2, -1/16 HPs)
             Began as a Spriggan Abyssal Knight on Jan 24, 2021.
             Was a Follower of Lugonu.
             Slain by an adder skeleton (3 damage)
             ... on level 4 of the Dungeon.
             The game lasted 00:03:54 (646 turns).

Acheron the Ducker (Spriggan Abyssal Knight)         Turns: 646, Time: 00:03:54

Health: -1/16      AC:  2    Str:  8    XL:     2   Next: 65%
Magic:  4/4        EV: 19    Int: 13    God:    Lugonu [*.....]
Gold:   44         SH:  0    Dex: 15    Spells: 1/1 levels left

rFire    . . .     SeeInvis +   a - +1 short sword
rCold    . . .     Faith    .   (shield restricted)
rNeg     . . .     Spirit   .   b - +0 robe
rPois    .         Reflect  .   (helmet restricted)
rElec    .         Harm     .   (no cloak)
rCorr    .         Rampage  .   (gloves unavailable)
Will     .....                  (boots unavailable)
Stlth    ++........             (no amulet)
HPRegen  0.05/turn              (no ring)
MPRegen  0.09/turn              (no ring)

@: lethally poisoned (-1 -> -6), attractive, very quick
A: very small, unfitting armour, see invisible, speed 3
a: Renounce Religion, Depart the Abyss


You were on level 4 of the Dungeon.
You worshipped Lugonu.
Lugonu was aware of your devotion.
You visited 1 branch of the dungeon, and saw 4 of its levels.
You visited the Abyss 1 time.

You collected 44 gold pieces.

Inventory:

Hand Weapons
 a - a +1 short sword (weapon)
 c - a +0 hunting sling
Missiles
 e - 18 sling bullets
Armour
 b - a +0 robe (worn)
Jewellery
 d - an uncursed ring of ice
Scrolls
 i - a scroll of identify
 j - 2 scrolls of remove curse


   Skills:
 * Level 2.8 Fighting
 * Level 2.5 Short Blades
 * Level 3.9 Dodging
 * Level 0.7 Stealth
 * Level 1.9 Invocations


You had one spell level left.
You didn't know any spells.
Your spell library was empty.

Dungeon Overview and Level Annotations

Branches:
Dungeon (4/15)
 Temple: D:4-7

Altars:

Annotations:
D:4 Dowan, Duvessa


Innate Abilities, Weirdness & Mutations

You are very small and have problems with some larger weapons.
You are too small for most types of armour.
You have supernaturally acute eyesight. (SInv)
You cover ground extremely quickly.


Message History

Okay, then.
You miss the adder.
The adder is almost dead.
The adder completely misses you.
You hit the adder.
You kill the adder!
Lugonu accepts your kill.
The orc throws a boomerang.
The boomerang barely misses you.
The weapon returns to the orc!
The adder skeleton misses you. The orc is pulled toward you! x2
You hit the orc but do no damage.
* * * LOW HITPOINT WARNING * * *
You feel sick. The adder skeleton closely misses you. The orc misses you.
You hit the adder skeleton.
The adder skeleton is moderately damaged.
The adder skeleton barely misses you. The orc misses you.
You barely miss the adder skeleton.
The adder skeleton is moderately damaged.
The adder skeleton bites you.
You die...

##.?..... #.......
#.....o. ##...o..
#...... #......
####.####. ##.##.#
# ####### #.....###
#.@oo.###.S....(###
#Z###.............#
#.. #............##
#.# #####........#
#. #........# #.
#........# #
........##
#........#
##.......#


You could see 2 orcs and an adder skeleton.

Vanquished Creatures
  An adder (D:4)
  An ooze (D:3)
  A giant cockroach (D:3)
  2 goblins (D:3)
  A hobgoblin (D:3)
  A bat (D:2)
  A frilled lizard (D:3)
  2 rats (D:3)
10 creatures vanquished.

Notes
Turn   | Place    | Note
-------+----------+-------------------------------------------
     0 | Abyss:1  | Acheron the Spriggan Abyssal Knight began the quest for the
                  | Orb.
     0 | Abyss:1  | Reached XP level 1. HP: 11/11 MP: 3/3
     1 | Abyss:1  | Found a corrupted altar of Lugonu.
    76 | Abyss:1  | Noticed a ynoxinul
    78 | D:1      | Escaped the Abyss
   302 | D:4      | Noticed a worker ant
   435 | D:3      | Reached * piety under Lugonu
   502 | D:3      | Reached XP level 2. HP: 12/16 MP: 4/4
   591 | D:4      | Noticed Dowan
   591 | D:4      | Noticed Duvessa
   610 | D:4      | Noticed a scorpion
   646 | D:4      | Slain by an adder skeleton

Illustrated notes

Levels and vault maps discovered:
D:1:      minmay_arrival_four_houses, layout_loops_ring,
          serial_co_window_serial, co_window_paths_a, co_window_paths_a,
          co_window_of_opportunity_a, co_window_paths_a,
          co_window_of_opportunity_a, co_window_2corner, co_window_cross_3,
          co_window_unsneaky_path_b, co_window_broadway_b,
          co_window_of_opportunity_c, co_window_unsneaky_path_b,
          co_window_4corner_b, kennysheep_crisscross
D:2:      layout_basic, grunt_temple_overflow_gold_and_silver, uniq_natasha,
          uniq_robin
D:3:      layout_basic, okawaru_altar_gauntlet_db
D:4:      layout_cave_pods, nicolae_tso_swordbearing_angel, serial_shops, shop,
          serial_column_ruins, column_ruins_hut_ruined, column_ruins_open_small,
          column_ruins_corridor_straight, column_ruins_corridor_dead_end,
          column_ruins_grid_4, uniq_duvessa

Action                   || total
-------------------------++-------
Melee: Short sword       ||    33
Invok: Depart the Abyss  ||     1
  Use: Scroll            ||     4
       Potion            ||     2
 Stab: Sleeping          ||     2
Armor: Robe              ||     1
Dodge: Dodged            ||    37
